AoeStats
← Minister of Silly Walks

MegaRandom

510279111Analyzed
2v2 RM · 19h ago on Sep 30, 2026· 52m 53s· 4 players
Game mode
Random Map
Map size
Medium (4 player)
Population
200
Speed
Normal
Resources
Standard
Victory
Conquest
Starting age
Dark Age
Ending age
Imperial Age
RankedLock teamsTeams togetherTeam positionsShared explorationLock speedFull tech treeHidden civsTurbo modeCheats
Victory
Defeat
🇫🇷 Mongols · France
1212
+21
🇫🇷 Saxons · France
1196
+20
🇦🇷 Vietnamese · Argentina
1322
-21
🇲🇽 Danes · Mexico
1302
-20
kiara.g
10:07 Loom
11:59 Feudal Age
15:43 Castle Age
14:26 Loom
18:43 Double-Bit Axe
20:13 Fletching
20:23 Padded Archer Armor
20:49 Thumb Ring
23:58 Bodkin Arrow
29:17 Leather Archer Armor
29:25 Ballistics
29:05 Horse Collar
31:01 Heavy Plow
32:33 Wheelbarrow
38:09 Imperial Age
36:52 Hand Cart
36:27 Town Watch
36:37 Gold Mining
39:33 Bracer
41:03 Heavy Cavalry Archer
42:10 Parthian Tactics
42:49 Bow Saw
42:44 Town Patrol
43:25 Gold Shaft Mining
42:41 Stone Mining
44:02 Chemistry
42:58 Murder Holes
Minister of Silly Walks
5:59 Loom
11:12 Feudal Age
12:05 Double-Bit Axe
18:51 Castle Age
19:50 Medium Warships
24:05 Scale Mail Armor
24:35 Bow Saw
25:07 Chain Mail Armor
26:25 Forging
26:56 Horse Collar
27:22 Arson
27:38 Squires
27:23 Gambesons
35:18 Iron Casting
46:49 Imperial Age
44:55 Wheelbarrow
48:13 Plate Mail Armor
47:14 Elite Varangian Guard
53:31 Conscription
King Nothing
5:08 Loom
11:46 Feudal Age
12:28 Double-Bit Axe
12:44 Gold Mining
20:11 Wheelbarrow
21:54 Horse Collar
27:06 Castle Age
25:39 Fishing Lines
26:11 Stone Mining
27:53 Fletching
28:44 Stone Shaft Mining
28:06 Gillnets
29:29 Hand Cart
31:16 Bow Saw
41:38 Town Watch
46:18 Scale Mail Armor
46:28 Forging
49:20 Squires
50:12 Chain Mail Armor
52:22 Bodkin Arrow
53:19 Thumb Ring
Gumndor
4:55 Loom
11:52 Feudal Age
20:15 Castle Age
19:42 Fletching
20:06 Forging
23:08 Double-Bit Axe
23:04 Horse Collar
23:30 Bodkin Arrow
25:42 Medium Warships
26:06 Fishing Lines
29:49 Heavy Plow
29:59 Bow Saw
30:05 Bow Saw
32:44 Scale Mail Armor
33:16 Squires
33:02 Gambesons
37:14 Imperial Age
37:23 Chain Mail Armor
38:58 Plate Mail Armor
37:50 Elite Varangian Guard
49:39 Bracer
Connection lost

Rejoining the realm…

Still unreachable

The connection could not be restored.

Session expired

The server has moved on; the page needs a fresh start.